Map: Rohana LE

Players

Ekelpack - Winner!

  • Race: Zerg Zerg
  • Spawn Location: 3:00

Nyck - Winner!

  • Race: Terran Terran
  • Spawn Location: 5:00

Taselchoft

  • Race: Protoss Protoss
  • League: Gold
  • Spawn Location: 11:00

gumpprix

  • Race: Terran Terran
  • Spawn Location: 9:00

VOD

Have the link to the VOD?

Description

Time

  • Played on: April 18, 2025, 3:18 p.m.
  • Length: 13:47
Show
View Real Time Build Order
Export as new Build Order

Ekelpack Zerg - Winner!

Build Orders: Hatch First 

Get SALT Encoding   

  12  0:00  Drone  
  13  0:12  Overlord  
  13  0:17  Drone  
  14  0:31  Drone x2  
  16  0:36  Drone  
  17  0:51  Hatchery  
  17  0:54  Drone  
  17  0:56  Extractor  
  16  0:59  Drone  
  17  1:14  Spawning Pool  
  17  1:16  Drone  
  17  1:20  Drone  
  18  1:29  Drone  
  19  1:38  Drone  
  20  2:00  Metabolic Boost  
  20  2:01  Queen  
  20  2:03  Queen  
  20  2:05  Drone  
  26  2:08  Drone  
  26  2:14  Overlord  
  26  2:18  Drone  
  26  2:20  Drone  
  28  2:34  Drone  
  28  2:35  Drone x2  
  31  2:37  Lair  
  31  2:43  Drone  
  32  2:45  Drone  
  33  2:51  Extractor  
  33  2:53  Drone  
  33  2:58  Extractor, Drone  
  33  3:01  Zergling x2  
  34  3:14  Zergling x4  
  34  3:15  Overlord x2  
  36  3:21  Extractor, Drone  
  36  3:36  Drone x3  
  36  3:37  Zergling x4  
  41  3:44  Spire  
  41  3:45  Drone  
  41  3:51  Drone x3  
  41  3:53  Drone  
  45  4:11  Drone x2  
  45  4:14  Overlord x3  
  47  4:19  Queen  
  49  4:25  Drone x2  
  49  4:27  Overlord x2  
  49  5:03  Mutalisk  
  49  5:04  Mutalisk x8  
  67  5:20  Zerg Flyer Weapons Level 1  
  67  5:24  Hatchery  
  66  5:41  Zergling x2  
  66  5:42  Zergling x18  
  70  5:59  Drone x3  
  70  6:00  Drone  
  70  6:03  Spore Crawler  
  73  6:11  Drone  
  74  6:30  Mutalisk  
  74  6:31  Mutalisk x6  
  89  6:40  Drone x3  
  91  6:55  Drone, Overlord x3  
  91  6:56  Drone x3  
  95  7:15  Zerg Flyer Weapons Level 2  
  95  7:21  Infestation Pit  
  94  7:44  Mutalisk  
  94  7:45  Mutalisk x6  
  94  7:46  Overlord x3  
  93  8:37  Drone x10  
  93  8:39  Extractor  
  93  8:41  Extractor  
  101  8:54  Hive, Pneumatized Carapace  
  101  9:10  Hatchery  
  101  9:16  Zergling x2  
  101  9:17  Zergling x20  
  111  9:32  Zerg Flyer Armor Level 1  
  111  9:52  Overlord x4  
  111  9:53  Overlord  
  111  10:03  Evolution Chamber  
  111  10:05  Evolution Chamber  
  109  10:10  Drone x3  
  112  10:21  Overlord x2  
  106  10:37  Zerg Melee Weapons Level 1, Zerg Ground Armor Level 1  
  106  10:41  Adrenal Glands  
  106  10:46  Drone x3, Queen  
  106  10:47  Ultralisk Cavern  
  105  11:13  Drone x2  
  107  11:28  Drone  
  107  11:29  Spine Crawler  
  107  11:35  Ultralisk  
  107  11:36  Ultralisk x9  
  167  11:44  Chitinous Plating  
  167  11:46  Ultralisk  
  179  11:49  Drone  
  179  11:50  Drone, Ultralisk  
  181  12:36  Hatchery, Drone x3  
  181  12:37  Drone  
  184  12:38  Extractor  
  183  13:02  Anabolic Synthesis  
  200  13:43  Extractor  
Show
View Real Time Build Order
Export as new Build Order

Nyck Terran - Winner!

Build Orders:  

Get SALT Encoding   

  12  0:00  SCV  
  13  0:12  SCV  
  14  0:17  Supply Depot  
  14  0:24  SCV  
  15  0:38  SCV  
  15  0:40  Barracks  
  16  0:50  SCV  
  16  0:52  Refinery  
  17  1:02  SCV  
  18  1:06  Barracks  
  18  1:14  SCV  
  19  1:29  Orbital Command  
  19  1:33  Supply Depot  
  19  1:36  Reaper  
  20  1:44  Refinery  
  20  1:54  Barracks Tech Lab  
  20  2:00  SCV  
  21  2:13  Barracks Reactor  
  21  2:16  SCV  
  21  2:20  Command Center  
  22  2:27  Combat Shield  
  22  2:30  Marine  
  23  2:39  SCV  
  24  3:02  Marine x3  
  27  3:16  SCV  
  27  3:21  Marine x2  
  27  3:22  Marine  
  30  3:27  Factory  
  30  3:30  SCV  
  31  3:35  Orbital Command  
  31  3:45  Barracks  
  31  3:46  Engineering Bay  
  31  3:47  SCV  
  31  3:48  Engineering Bay  
  32  3:53  Marine  
  32  3:54  Marine  
  34  4:04  SCV x2  
  36  4:14  Starport  
  36  4:16  Terran Infantry Weapons Level 1  
  36  4:19  Factory Reactor, Terran Infantry Armor Level 1  
  36  4:22  SCV  
  37  4:26  Stimpack  
  37  4:29  SCV  
  38  4:32  Barracks Reactor  
  38  4:37  SCV  
  39  4:41  Refinery  
  39  4:42  SCV  
  39  4:43  Refinery  
  40  4:45  Marine  
  40  4:46  Marine  
  40  4:47  Marine  
  40  4:52  Armory  
  43  4:53  SCV  
  44  5:00  SCV  
  45  5:09  SCV  
  45  5:13  Factory Tech Lab  
  46  5:29  Supply Depot  
  46  5:31  SCV, Marine x5, Medivac  
  46  5:32  Supply Depot  
  54  5:51  SCV, Siege Tank, Marine, Medivac  
  54  5:52  Missile Turret  
  54  5:53  Supply Depot  
  54  5:56  SCV  
  62  5:57  Supply Depot, Marine x3  
  62  5:58  Marine  
  66  6:13  Command Center  
  66  6:21  Terran Infantry Weapons Level 2  
  66  6:25  Terran Infantry Armor Level 2  
  66  6:30  SCV x2  
  68  6:34  Marine  
  68  6:37  Medivac  
  71  6:57  SCV x2, Marine x2  
  71  6:58  Marine x3  
  71  7:00  Siege Tank  
  81  7:17  SCV x2, Marine x2  
  81  7:18  Marine  
  86  7:25  Marine x2  
  86  7:29  SCV x2  
  90  7:30  Orbital Command  
  90  7:33  Siege Tank  
  90  7:35  Marine  
  94  7:50  SCV x2  
  96  7:57  SCV  
  85  8:34  SCV x3, Marine  
  82  8:35  Marine x3  
  82  8:36  Marine  
  82  8:38  Refinery  
  82  8:40  Refinery, Terran Infantry Weapons Level 3  
  87  8:55  Starport  
  87  8:56  Starport  
  87  8:58  Starport  
  87  8:59  Starport  
  87  9:00  SCV x3, Marine  
  87  9:01  Marine x4  
  95  9:03  Terran Infantry Armor Level 3  
  95  9:05  Thor  
  101  9:15  Medivac x2  
  105  9:25  Marine x4  
  109  9:33  Marine  
  110  9:43  Starport Reactor  
  110  9:44  Starport Reactor x2  
  110  9:46  Command Center  
  110  9:48  Starport Reactor  
  110  9:49  Viking x2  
  110  9:52  Terran Vehicle And Ship Armor Level 1  
  114  9:53  Armory  
  114  10:06  Marine x4  
  114  10:07  Marine  
  120  10:14  SCV x3  
  120  10:20  Missile Turret  
  122  10:29  Thor  
  122  10:31  Viking x3  
  122  10:32  Viking x3  
  140  10:41  Supply Depot  
  140  10:45  Terran Ship Weapons Level 1, Sensor Tower  
  140  10:48  SCV  
  141  10:58  SCV x2, Viking x2  
  147  11:09  SCV  
  147  11:11  Orbital Command  
  148  11:19  Refinery, Viking x5  
  148  11:20  Viking  
  160  11:28  Marine x4  
  164  11:34  Supply Depot, Marine  
  165  11:43  SCV x3  
  165  11:46  Viking x2  
  172  11:56  Viking x4  
  172  11:58  Supply Depot  
  180  12:01  Viking x2  
  180  12:05  SCV x3  
  180  12:06  SCV  
  188  12:11  Refinery  
  188  12:19  Viking x2  
  188  12:21  Supply Depot  
  192  12:26  Supply Depot  
  192  12:38  Viking x3  
  192  12:39  Viking  
Show
View Real Time Build Order
Export as new Build Order

Taselchoft Protoss 

Build Orders: 1 Gate Expand, Oracle Opening 

Get SALT Encoding   

  12  0:00  Probe  
  13  0:12  Probe  
  14  0:24  Pylon  
  14  0:27  Probe  
  15  0:42  Probe  
  16  0:45  Gateway  
  16  0:54  Probe  
  17  1:07  Probe  
  18  1:16  Assimilator  
  18  1:19  Probe  
  19  1:31  Probe  
  20  1:35  Nexus  
  20  1:42  Cybernetics Core  
  20  1:43  Probe  
  21  1:49  Assimilator  
  21  1:55  Probe  
  22  2:04  Pylon  
  22  2:07  Probe  
  23  2:21  Warp Gate  
  23  2:22  Zealot, Probe  
  26  2:34  Probe  
  27  2:46  Probe  
  27  2:47  Adept  
  30  2:58  Probe  
  30  3:02  Probe  
  28  3:07  Stargate  
  28  3:10  Probe x2  
  28  3:11  Adept  
  33  3:20  Probe  
  33  3:22  Probe  
  35  3:31  Pylon  
  35  3:32  Probe x2  
  36  3:38  Assimilator  
  36  3:40  Probe  
  37  3:44  Probe  
  39  3:49  Assimilator, Probe  
  39  3:53  Oracle  
  43  4:01  Probe  
  43  4:02  Fleet Beacon  
  39  4:14  Probe  
  39  4:22  Probe  
  40  4:27  Probe  
  42  4:32  Probe  
  42  4:35  Probe  
  43  4:44  Probe  
  43  4:45  Probe  
  49  4:48  Void Ray  
  50  4:53  Probe  
  50  4:57  Probe  
  51  5:01  Probe  
  51  5:05  Probe  
  53  5:12  Pylon  
  54  5:14  Pylon  
  54  5:17  Pylon  
  54  5:20  Pylon  
  54  5:30  Pylon, Probe x2  
  54  5:32  Pylon  
  65  5:42  Probe  
  65  5:51  Probe  
  65  5:52  Mothership  
  63  6:00  Probe  
  64  6:09  Probe  
  64  6:10  Forge, Void Ray  
  64  6:11  Stalker  
  71  6:21  Probe  
  71  6:22  Flux Vanes  
  60  6:32  Stargate  
  60  6:33  Probe  
  60  6:41  Stalker  
  60  6:45  Probe  
  63  6:54  Void Ray  
  67  7:06  Photon Cannon x2  
  67  7:07  Photon Cannon  
  67  7:13  Photon Cannon, Pylon  
  67  7:16  Probe  
  67  7:19  Photon Cannon  
  67  7:21  Photon Cannon  
  68  7:23  Photon Cannon  
  68  7:24  Probe  
  68  7:26  Shield Battery  
  68  7:27  Shield Battery  
  69  7:36  Stalker  
  71  7:48  Photon Cannon  
  71  7:50  Photon Cannon  
  71  7:57  Void Ray  
  71  8:35  Void Ray  
  75  8:46  Void Ray  
  75  8:50  Pylon  
  75  8:55  Photon Cannon  
  75  8:56  Photon Cannon  
  75  8:57  Photon Cannon  
  75  9:00  Shield Battery  
  79  9:18  Void Ray  
  79  9:19  Zealot  
  79  9:23  Carrier  
  79  9:26  Gateway  
  73  9:46  Zealot, Probe  
  76  9:54  Probe  
  77  10:04  Probe  
  78  10:16  Probe  
  78  10:21  Gateway, Void Ray  
  83  10:28  Probe  
  82  10:41  Probe  
  82  10:42  Protoss Air Weapons Level 1  
  82  10:49  Probe  
  84  10:57  Probe  
  85  11:05  Probe  
  84  11:13  Probe  
  85  11:24  Zealot x3  
  91  11:26  Probe  
  100  11:32  Void Ray  
  100  11:38  Void Ray, Probe  
  101  12:27  Pylon  
  101  12:30  Pylon  
  101  12:33  Pylon  
  101  12:35  Pylon  
  101  12:39  Probe  
  101  12:42  Pylon  
  101  12:43  Void Ray x2  
  102  12:44  Pylon  
  102  12:47  Probe  
Show
View Real Time Build Order
Export as new Build Order

gumpprix Terran 

Build Orders:  

Get SALT Encoding   

  12  0:10  Refinery  
  12  0:12  SCV  
  13  0:31  Supply Depot  
  13  0:58  Barracks  
  13  1:00  SCV  
  14  1:11  Barracks  
  14  1:29  SCV  
  15  1:33  Supply Depot  
  15  1:41  SCV  
  16  1:52  Marine  
  16  1:53  SCV  
  18  1:55  Supply Depot  
  19  2:10  Marine  
  19  2:14  Reaper  
  20  2:28  Marine  
  21  2:46  Reaper, Marine  
  23  3:03  Marine  
  24  3:15  Factory  
  24  3:18  Reaper  
  25  3:21  Marine  
  26  3:36  Engineering Bay  
  26  3:39  Marine  
  27  3:57  Marine  
  28  4:13  Bunker  
  28  4:15  Marine  
  29  4:33  Marine  
  27  4:58  Hellion  
  29  5:01  Supply Depot  
  29  5:03  Marine  
  30  5:07  Barracks Reactor  
  30  5:18  Command Center  
  30  5:21  Marine  
  31  5:22  Refinery  
  31  5:23  Supply Depot  
  31  5:38  Marine  
  32  5:56  Marine  
  33  6:04  Hellion  
  35  6:14  Marine x3  
  35  6:16  Sensor Tower  
  38  6:32  Marine x3  
  41  6:42  Missile Turret  
  41  6:50  Marine x3  
  44  6:58  Missile Turret  
  44  7:07  Marine  
  44  7:08  Marine x2  
  46  7:15  Factory Tech Lab  
  46  7:19  Missile Turret  
  46  7:22  SCV  
  47  7:25  Marine x3  
  50  7:32  Bunker  
  50  7:34  SCV  
  47  7:43  Marine  
  46  7:46  SCV  
  47  7:58  SCV  
  41  8:01  Marine  
  42  8:05  Missile Turret  
  42  8:10  SCV  
  37  8:19  Marine  
  36  8:49  Missile Turret  
  36  8:55  Missile Turret, Marine  
  36  8:56  Marine  
  36  8:58  Marine  
  39  9:04  SCV  
  40  9:10  Missile Turret  
  40  9:13  Marine x2  
  40  9:15  Marine  
  43  9:31  Missile Turret, Marine x2  
  43  9:33  Marine  
  43  9:36  SCV  
  47  9:39  Missile Turret  
  47  9:49  SCV  
  47  9:51  Marine  
  49  9:58  Missile Turret  
  49  10:01  SCV  
  50  10:09  Marine  
  50  10:13  SCV x2  
  53  10:22  Factory Tech Lab  
  53  10:24  Marine  
  53  10:25  SCV  
  53  10:27  Marine  
  56  10:38  SCV  
  57  10:50  Missile Turret  
  57  10:59  SCV, Supply Depot  
  58  11:10  Missile Turret  
  54  11:11  SCV  
  55  11:29  Siege Tank  
  55  11:30  Missile Turret  
  58  11:35  Marine  
  59  11:41  SCV  
  60  12:01  Siege Tank  
  63  12:10  Command Center  
  63  12:26  Marine x2  
  65  12:33  Siege Tank  
  68  12:43  Marine  
  68  12:44  Marine  
  70  13:07  Marine  
Tags
 
Add a new tag
Caveats
  • Supply blocks, unpowered buildings, or Contaminate may cause inaccurate times.
  • Supply counts are checked every 10 seconds.